 Dungeon Crawl Stone Soup version 0.30-a0-739-gea05faddec (webtiles) character file.

Game seed: 10065831620244142699

2931 billz999 the Spear-Bearer (level 9, -5/71 HPs)
             Began as a Gnoll Reaver on Feb 1, 2023.
             Was an Initiate of Kikubaaqudgha.
             Slain by an unseen horror (9 damage)
             ... on level 8 of the Dungeon on Feb 4, 2023.
             The game lasted 00:28:03 (9519 turns).

billz999 the Spear-Bearer (Gnoll Reaver)            Turns: 9519, Time: 00:28:04

Health: -5/71      AC:  6    Str: 14    XL:     9   Next: 79%
Magic:  17/19      EV: 13    Int: 15    God:    Kikubaaqudgha [......]
Gold:   341        SH:  0    Dex: 10    Spells: 16/22 levels left

rFire   x . .      SeeInvis .    C - +1 triple crossbow (freeze)
rCold   + . .      Faith    .    (shield currently unavailable)
rNeg    . . .      Spirit   .    b - +0 leather armour
rPois   +          Reflect  .    r - +0 helmet
rElec   .          Harm     .    (no cloak)
rCorr   .          Rampage  .    E - +0 pair of gloves
Will    .....                    (no boots)
Stlth   ++                       y - amulet of the acrobat
HPRegen 0.31/turn                m - ring of ice
MPRegen 0.16/turn                H - ring of poison resistance

@: no status effects
A: fangs 1, strong nose, distributed training
a: Renounce Religion


You were on level 8 of the Dungeon.
You worshipped Kikubaaqudgha.
Kikubaaqudgha was noncommittal.
You visited 2 branches of the dungeon, and saw 9 of its levels.

You collected 406 gold pieces.
You spent 65 gold pieces at shops.

Inventory:

Hand Weapons
 a - a +0 spear
 e - a +4 war axe
 l - a +2 hand axe of venom
 q - a +4 dagger of venom
 C - a +1 triple crossbow of freezing (weapon)
Missiles
 s - 5 curare-tipped darts
 t - 5 silver boomerangs
Armour
 b - a +0 leather armour (worn)
 n - a +0 kite shield
 r - a +0 helmet (worn)
 E - a +0 pair of gloves (worn)
Jewellery
 m - a ring of ice (left hand)
 y - an amulet of the acrobat (around neck)
 H - a ring of poison resistance (right hand)
Wands
 h - a wand of acid (9)
 D - a wand of paralysis (9)
Scrolls
 f - 3 scrolls of teleportation
 g - 2 scrolls of blinking
 A - a scroll of silence
 F - a scroll of amnesia {unknown}
 G - a scroll of enchant armour {unknown}
 I - 2 scrolls of poison
Potions
 c - a potion of curing
 d - 2 potions of flight {unknown}
 i - a potion of magic {unknown}
 j - a potion of might {unknown}
 k - 2 potions of lignification {unknown}
 o - a potion of cancellation {unknown}
 p - 2 potions of mutation {unknown}
 u - a potion of berserk rage {unknown}
 v - 6 potions of brilliance {unknown}
 x - 3 potions of ambrosia {unknown}
 z - 2 potions of heal wounds {unknown}
 J - a potion of invisibility
 K - a potion of haste {unknown}
 L - a potion of resistance {unknown}


   Skills:
 + Level 6.7 Fighting
 + Level 4.7 Short Blades
 + Level 4.7 Long Blades
 + Level 4.7 Axes
 + Level 4.7 Maces & Flails
 + Level 8.2 Polearms
 + Level 4.7 Staves
 + Level 4.7 Ranged Weapons
 + Level 4.7 Throwing
 + Level 4.7 Armour
 + Level 6.7 Dodging
 + Level 4.7 Stealth
 + Level 4.7 Shields
 + Level 4.7 Unarmed Combat
 + Level 7.0 Spellcasting
 + Level 6.8 Conjurations
 + Level 3.9 Hexes
 + Level 3.9 Summonings
 + Level 3.9 Necromancy
 + Level 3.9 Translocations
 + Level 3.9 Transmutations
 + Level 3.9 Fire Magic
 + Level 3.9 Ice Magic
 + Level 3.9 Air Magic
 + Level 3.9 Earth Magic
 + Level 3.9 Poison Magic
 + Level 5.2 Invocations
 + Level 4.7 Evocations


You had 16 spell levels left.
You knew the following spells:

 Your Spells              Type           Power      Damage    Failure   Level
a - Kiss of Death         Conj/Necr      84%        2d11      1%          1
b - Momentum Strike       Conj/Tloc      42%        3d9       2%          2
c - Hailstorm             Conj/Ice       32%        3d8       5%          3

Your spell library contained the following spells:

 Spells                   Type           Power      Damage    Failure   Level


Dungeon Overview and Level Annotations

Branches:
Dungeon (8/15)             Temple (1/1) D:6
   Lair: D:8-11

Altars:
Ashenzari
Cheibriados
Dithmenos
Elyvilon
Fedhas
Gozag
Hepliaklqana
Kikubaaqudgha
Makhleb
Nemelex Xobeh
Okawaru
Qazlal
Ru
Sif Muna
Trog
Uskayaw
Vehumet
Wu Jian
Xom
Yredelemnul
Zin
The Shining One

Shops:
D:7 *


Innate Abilities, Weirdness & Mutations

You have very sharp teeth.
Your uncanny sense of smell can sniff out nearby items.
Your experience applies equally to all skills.


Message History

Confirm with . or Enter, or press ? or * to list all spells.
Casting: Hailstorm (dangerous; 5% risk of failure)
Press: ? - help, Dir - look around, f - activate You feel a surge of power!
A cannonade of hail descends around you!
Something hits you but does no damage. Something hits you but does no damage.
Something completely misses you. Something barely misses you.
You shoot a bolt. Something hits you! x2
You shoot a bolt. Something hits you. Something hits you but does no damage.
You shoot a bolt. Something hits you. x2
Something hits you. x2
Something misses you. Something barely misses you.
Something completely misses you. Something closely misses you.
Something hits you but does no damage. Something misses you.
Something barely misses you. Something misses you.
Something completely misses you.
You shoot a bolt. Something hits you but does no damage. Something hits you.
(D) Dungeon (T) Temple
Where to? (Enter - D:8, ? - help)
Okay, then.
Unknown command.
Aiming: Corrosive Bolt
Press: ? - help, Shift-Dir - straight line The bolt of acid hits something!
The acid corrodes something!
Something hits you.
Aiming: Corrosive Bolt
Press: ? - help, Shift-Dir - straight line Something hits you!
* * * LOW HITPOINT WARNING * * *
Something hits you.
* * * LOW HITPOINT WARNING * * *
You shoot a bolt. Something hits you but does no damage. Something hits you!
* * * LOW HITPOINT WARNING * * *
Something hits you!
You die...
Kikubaaqudgha rasps: "You have failed me!
Welcome... death!"

..#..# .....# *######*****
.....# *#......,,,,** .>...#
##.......,,,,,* .....##
#........,,,,,, ..()..#
########........,^,,,, ##.##.###
##...#...........,,,,,* #.##...#
#..#.#..#<.......,,,,,* #.####.#
#.##>.@.#........,,,,,* #..#
#.###.#..#.###.......,,,,,,
##.###..#..#....#**#......,,,,**
#..###...........**###.#.,,,,,,
# ##..##...........* **.#**,,,,,
# ##)###..........# **,,# *,,,,,
# #.##...........# *,,** *,,,,,
## #.#............# *,** *,,,,,
.# #.#...########## *,* *,,,,,


There were no monsters in sight!

Vanquished Creatures
  Sigmund (D:6)
  2 sky beasts
  An ice beast (D:8)
  3 black bears
  2 orc warriors (D:8)
  An ogre (D:6)
  2 centaurs
  A phantom (D:5)
  A kobold brigand (D:6)
  2 bullfrogs (D:7)
  3 necrophages
  6 wights (D:7)
  A howler monkey (D:6)
  2 electric eels (D:7)
  2 hounds
  4 jellies
  5 orc priests
  Natasha (thrice) (D:3)
  An iguana (D:5)
  5 orc wizards
  Robin (D:4)
  12 gnolls
  8 adders
  An ufetubus (D:7)
  4 worms
  A dart slug (D:2)
  30 orcs
  6 bats
  6 endoplasms
  5 giant cockroaches
  9 goblins
  7 hobgoblins
  4 jackals (D:3)
  6 quokkas
  11 ball pythons
  A frilled lizard (D:1)
  13 kobolds
  2 rats (D:2)
175 creatures vanquished.

Vanquished Creatures (others)
  An orc wizard (D:5)
1 creature vanquished.

Grand Total: 176 creatures vanquished

Notes
Turn   | Place    | Note
-------+----------+-------------------------------------------
     0 | D:1      | billz999 the Gnoll Reaver began the quest for the Orb.
     0 | D:1      | Reached XP level 1. HP: 20/20 MP: 6/6
   101 | D:1      | Reached XP level 2. HP: 25/26 MP: 7/7
   122 | D:1      | Learned a level 2 spell: Momentum Strike
   472 | D:1      | Reached skill level 5 in Spellcasting
   472 | D:1      | Reached XP level 3. HP: 19/29 MP: 6/9
   899 | D:2      | Reached skill level 1 in Invocations
  1495 | D:2      | Reached skill level 1 in Short Blades
  1495 | D:2      | Reached skill level 1 in Long Blades
  1495 | D:2      | Reached skill level 1 in Axes
  1495 | D:2      | Reached skill level 1 in Maces & Flails
  1495 | D:2      | Reached skill level 1 in Staves
  1495 | D:2      | Reached skill level 1 in Ranged Weapons
  1495 | D:2      | Reached skill level 1 in Throwing
  1495 | D:2      | Reached skill level 1 in Armour
  1495 | D:2      | Reached skill level 1 in Stealth
  1495 | D:2      | Reached skill level 1 in Shields
  1495 | D:2      | Reached skill level 1 in Unarmed Combat
  1495 | D:2      | Reached skill level 1 in Evocations
  1937 | D:3      | Reached XP level 4. HP: 38/38 MP: 8/11
  1977 | D:3      | Reached skill level 1 in Hexes
  1977 | D:3      | Reached skill level 1 in Summonings
  1977 | D:3      | Reached skill level 1 in Necromancy
  1977 | D:3      | Reached skill level 1 in Translocations
  1977 | D:3      | Reached skill level 1 in Transmutations
  1977 | D:3      | Reached skill level 1 in Fire Magic
  1977 | D:3      | Reached skill level 1 in Ice Magic
  1977 | D:3      | Reached skill level 1 in Air Magic
  1977 | D:3      | Reached skill level 1 in Earth Magic
  1977 | D:3      | Reached skill level 1 in Poison Magic
  2053 | D:3      | Reached XP level 5. HP: 37/39 MP: 8/12
  2603 | D:4      | Found a sacrificial altar of Ru.
  2827 | D:4      | Learned a level 3 spell: Hailstorm
  2900 | D:4      | Noticed Robin
  2930 | D:4      | Killed Robin
  2931 | D:4      | Reached XP level 6. HP: 15/40 MP: 13/13
  3593 | D:4      | Reached skill level 5 in Fighting
  3593 | D:4      | Reached skill level 5 in Dodging
  3716 | D:4      | HP: 2/42 [disintegration (16)]
  4332 | D:3      | Noticed Natasha
  4333 | D:3      | Killed Natasha
  4443 | D:3      | Noticed Natasha
  4460 | D:3      | Killed Natasha
  4595 | D:3      | Reached skill level 7 in Polearms
  4595 | D:3      | Reached XP level 7. HP: 30/56 MP: 12/15
  4648 | D:3      | Noticed Natasha
  4658 | D:3      | Killed Natasha
  4749 | D:3      | Found a shimmering altar of Xom.
  4826 | D:3      | Found a faded altar of an unknown god.
  4947 | D:3      | Found an ornate altar of the Wu Jian Council.
  4947 | D:3      | Found a glowing golden altar of the Shining One.
  5141 | D:5      | Entered Level 5 of the Dungeon
  5205 | D:5      | HP: 2/56 [poisoned by an orc wizard]
  6312 | D:6      | Reached XP level 8. HP: 42/63 MP: 12/16
  6730 | D:6      | Noticed Sigmund
  6740 | D:6      | Killed Sigmund
  6993 | D:7      | Upgraded the game from 0.30-a0-728-gc68057be0a to
                  | 0.30-a0-739-gea05faddec
  7160 | D:7      | Found Daun's Lightly-Used Armoury.
  7249 | D:7      | Reached XP level 9. HP: 69/69 MP: 7/18
  7322 | D:7      | Bought a -1 triple crossbow for 65 gold pieces
  8488 | D:6      | Reached skill level 8 in Polearms
  8796 | D:6      | Found a staircase to the Ecumenical Temple.
  8847 | Temple   | Entered the Ecumenical Temple
  8854 | Temple   | Became a worshipper of Kikubaaqudgha
  8995 | D:8      | Reached skill level 5 in Invocations
  9519 | D:8      | Slain by an unseen horror

Illustrated notes

Levels and vault maps discovered:
D:1:      saegor_arrival_simple_a, layout_rooms
D:2:      layout_basic
D:3:      layout_loops_ring, nicolae_overflow_two_pavilions,
          mainiacjoe_overflow_tiny_flanked, nicolae_ecumenical_snake_handling,
          nicolae_figureground_pulse, uniq_natasha
D:4:      layout_loops_cross, nicolae_ru_path_of_blood,
          kennysheep_generic_room_4, uniq_robin
D:5:      layout_loops_ring
D:6:      layout_basic, temple_doors_ab, supply_closet_lemuel, uniq_sigmund
D:7:      layout_loops_ring, minmay_shop_damaged, minivault_14,
          kennysheep_generic_room_11
D:8:      layout_rooms, serial_shops, nicolae_shop_window_shopping,
          hangedman_abyss_or_decor_lesser_grid
Temple:   nicolae_temple_no_exploring_needed

Skill      XL: |  1  2  3  4  5  6  7  8  9 |
---------------+----------------------------+-----
Spellcasting   | 5 6 7 |  7.0
Invocations    | 1 2 3 4 5 |  5.2
Short Blades   | 1 2 3 4 |  4.7
Long Blades    | 1 2 3 4 |  4.7
Axes           | 1 2 3 4 |  4.7
Maces & Flails | 1 2 3 4 |  4.7
Staves         | 1 2 3 4 |  4.7
Ranged Weapons | 1 2 3 4 |  4.7
Throwing       | 1 2 3 4 |  4.7
Armour         | 1 2 3 4 |  4.7
Stealth        | 1 2 3 4 |  4.7
Shields        | 1 2 3 4 |  4.7
Unarmed Combat | 1 2 3 4 |  4.7
Evocations     | 1 2 3 4 |  4.7
Hexes          | 1 2 3 |  3.9
Summonings     | 1 2 3 |  3.9
Necromancy     | 1 2 3 |  3.9
Translocations | 1 2 3 |  3.9
Transmutations | 1 2 3 |  3.9
Fire Magic     | 1 2 3 |  3.9
Ice Magic      | 1 2 3 |  3.9
Air Magic      | 1 2 3 |  3.9
Earth Magic    | 1 2 3 |  3.9
Poison Magic   | 1 2 3 |  3.9
Fighting       | 5 6 |  6.7
Dodging        | 5 6 |  6.7
Polearms       | 7 8 |  8.2
Conjurations   | 6 |  6.8

Action                     |  1- 3 |  4- 6 |  7- 9 || total
---------------------------+-------+-------+-------++-------
  Melee: Spear             |    71 |   136 |     6 ||   213
         Bite              |     2 |    19 |    14 ||    35
         Punch             |     1 |     1 |     2 ||     4
         Dagger            |       |    28 |    80 ||   108
         War axe           |       |       |     3 ||     3
         Unarmed           |       |       |    14 ||    14
   Fire: Triple crossbow   |       |       |    90 ||    90
   Cast: Momentum Strike   |    31 |    31 |    44 ||   106
         Kiss of Death     |     1 |     3 |     2 ||     6
         Hailstorm         |       |     2 |    27 ||    29
  Evoke: Wand              |       |    11 |    10 ||    21
    Use: Scroll            |       |     1 |     8 ||     9
         Potion            |       |     1 |     1 ||     2
   Stab: Paralysed         |       |     9 |       ||     9
         Distracted        |       |     1 |       ||     1
         Sleeping          |       |       |     1 ||     1
 Armour: Leather armour    |    11 |    32 |    53 ||    96
  Dodge: Dodged            |    25 |    75 |   141 ||   241

Table legend: (Time is in decaauts)
 A = Elapsed time spent in this place.
 B = Non-inter-level travel time spent in this place.
 C = Inter-level travel time spent in this place.
 D = Time resting spent in this place.
 E = Time spent auto-exploring this place.
 F = Levels seen in this place.
 G = Mean time per level.
                   A        B        C        D        E       F      G
               +--------+--------+--------+--------+--------+-----+--------+
         Total |   9551 |   9278 |    273 |   1665 |   6300 |   9 | 1061.2 |
       Dungeon |   9536 |   9276 |    260 |   1665 |   6300 |   8 | 1192.0 |
        Temple |     14 |      2 |     12 |      0 |      0 |   1 |   14.0 |
               +--------+--------+--------+--------+--------+-----+--------+

Top non-repeatable levels by time:
     D:4: 1832 daAuts
     D:7: 1601 daAuts
     D:3: 1483 daAuts
     D:6: 1229 daAuts
     D:2: 1023 daAuts
     D:5: 943 daAuts
     D:1: 749 daAuts
     D:8: 673 daAuts
  Temple: 14 daAuts
